 Dungeon Crawl Stone Soup version 0.30-a0-374-g95c0257040 (webtiles) character file.

Game seed: 16053529653639467320

143 kae the Ruffian (level 5, -1/40 HPs)
             Began as a Draconian Transmuter on Nov 25, 2022.
             Constricted to death by Terence (3 damage)
             ... on level 3 of the Dungeon.
             The game lasted 00:03:02 (3131 turns).

kae the Ruffian (Draconian Transmuter)              Turns: 3131, Time: 00:03:02

Health: -1/40      AC:  2    Str: 13    XL:     5   Next: 4%
Magic:  6/9        EV: 16    Int: 15    God:
Gold:   222        SH:  0    Dex: 16    Spells: 3/9 levels left

rFire   . . .      SeeInvis .      - Unarmed
rCold   . . .      Faith    .    (shield currently unavailable)
rNeg    . . .      Spirit   .    (body armour unavailable)
rPois   x          Reflect  .    (helmet currently unavailable)
rElec   .          Harm     .    (cloak currently unavailable)
rCorr   .          Rampage  .    (gloves currently unavailable)
Will    +....                    (boots currently unavailable)
Stlth   +.........               (no amulet)
HPRegen 0.26/turn                k - ring of willpower
MPRegen 0.11/turn                (no ring)

@: spider-form, grasped by roots, constricted
A: venomous fangs, AC +5, tiny, unfitting armour, (cold-blooded)
a: End Transformation


You were on level 3 of the Dungeon.
You were a venomous arachnid creature.
You visited 1 branch of the dungeon, and saw 4 of its levels.

You collected 222 gold pieces.


Innate Abilities, Weirdness & Mutations

You are a venomous arachnid creature.
You have poisonous fangs.
You are tiny and dextrous.
Your spellcasting is less reliable in this form.
Your armour is entirely melded.
You are incapable of wielding weapons or throwing items.
((Your plain brown scales are hard. (AC +5)))
You cannot fit into any form of body armour.
((You are cold-blooded and may be slowed by cold attacks.))


   Skills:
 - Level 1.1 Fighting
 - Level 1.7 Dodging
 + Level 3.7 Unarmed Combat
 + Level 2.6 Spellcasting
 * Level 3.6 Transmutations
 * Level 1.9 Poison Magic


You had 3 spell levels left.
You knew the following spells:

 Your Spells              Type           Power      Damage    Failure   Level
a - Beastly Appendage     Tmut           26%        N/A       14%         1
b - Wereblood             Tmut           13%        N/A       19%         2
c - Spider Form           Tmut/Pois      10%        N/A       41%         3

Your spell library contained the following spells:

 Spells                   Type           Power      Damage    Failure   Level
 Summon Small Mammal      Summ           8%         N/A       41%         1
 Ensorcelled Hibernation  Hex/Ice        4%         N/A       52%         2
 Call Canine Familiar     Summ           2%         N/A       73%         3
 Summon Guardian Golem    Hex/Summ       2%         N/A       73%         3
 Ice Form                 Ice/Tmut       7%         N/A       85%         4
 Anguish                  Hex/Necr       1%         N/A       97%         4

Inventory:

Missiles
 c - 38 stones
 h - 6 javelins
 j - 8 boomerangs
Magical Staves
 f - a staff of cold {!a}
   (You found it on level 1 of the Dungeon)
Jewellery
 k - a ring of willpower (left front leg)
   (You found it on level 1 of the Dungeon)
 F - a ring of fire
   (You found it on level 4 of the Dungeon)
Wands
 d - a wand of quicksilver (8)
   (You found it on level 3 of the Dungeon)
Scrolls
 g - 4 scrolls of teleportation {@r4}
 l - 2 scrolls of noise {unknown}
Potions
 a - 2 potions of lignification {!q}
 b - a potion of heal wounds {@q2}
 e - 3 potions of mutation {!q}
 i - a potion of flight {unknown}
 m - 2 potions of ambrosia {unknown}
 n - a potion of invisibility {unknown}

Dungeon Overview and Level Annotations

Branches:
Dungeon (4/15) Zot: 20882
 Temple: D:4-7

Altars:
Xom

Shops:
D:2 (

Annotations:
D:3 Sigmund, Terence

#..........# #.
#.#.######.#.# #.
#.# #.#.# #. #.#
#.#.# #. #.#
#.#.####. #.#
#.#...... #.#
#.#######
#@########........
#s#.....##########
#.#.###.# #......#
#.#.# #.###.####.#
#.#.# #........#.#
#.#.# #####.#.##.#
#.#.# #.#.##.#
#.#.# #.#.##.#
##.#.# #.#....#
#....# #.######


You could see Terence (extremely poisoned).


Message History

You hit the adder but do no damage.
Your primal bloodlust has ended.
The adder closely misses you.
You hit the adder but do no damage. Your kick misses the adder.
The adder bites you. 😕 HP[-1]
You take 1 damage, and now have 28/35 hp.
An adder is nearby!
An adder is nearby!
You hit the adder. The adder closely misses you. The adder bites you.
You are poisoned.
The adder poisons you!
You are too injured to fight recklessly! 😮 HP[-4] MP[+1]
You take 4 damage, and now have 24/35 hp.
Your mp is fully restored (7).
You closely miss the adder. Your kick misses the adder.
You feel sick. The adder closely misses you. 😮 HP[-1]
You take 1 damage, and now have 23/35 hp.
You barely miss the adder. You claw the adder.
You kill the adder!
You feel sick.
You have reached level 5! 😮 HP[+2]
You now have 40 max hp (+5).
You regained 2 hp, and now have 25/40 hp.
Your transformation is almost over.
You feel sick. 😮 HP[-1]
You take 1 damage, and now have 24/40 hp.
You feel sick.
You feel sick.
You feel sick.
You feel sick.
You are no longer poisoned.
Your horns disappear.
Your talons disappear.
Key pressed, stopping explore.
Unknown command. 😎 HP[+16] MP[+2]
Your hp is fully restored (40).
Your mp is fully restored (9).
You now have 222 gold pieces (gained 8).
Terence the Incautious comes into view.
He is wielding a +3 flail of holy wrath and carrying a wand of roots (5).
Terence is nearby!
Terence is nearby!
Unknown command.
Unknown command.
Unknown command.
Terence zaps a wand.
The roots erupt in riotous growth!
The grasping roots grab you!
The grasping roots constrict you. 😕 HP[-6]
You take 6 damage, and now have 34/40 hp.
You escape the roots grasp.
Terence zaps a wand.
The roots erupt in riotous growth!
The grasping roots grab you!
The grasping roots constrict you. 😕 HP[-2]
You take 2 damage, and now have 32/40 hp.
Unknown command.
Casting: Beastly Appendage (safe; 4% risk of failure)
Confirm with . or Enter, or press ? or * to list all spells.
The spell is quite dangerous to miscast (21% risk of failure)!
Continue anyway? [Y]es or [N]o only, please.
The spell is quite dangerous to miscast (21% risk of failure)!
Continue anyway?
You turn into a venomous arachnid creature.
The grasping roots constrict you. 😮 HP[-2] MP[-3]
You take 2 damage, and now have 30/40 hp.
You lost 3 mp, and now have 6/9 mp.
Unknown command.
You escape the roots grasp. 😕 HP[+1] Terence barely misses you.
You hit Terence. You hit Terence.
Terence zaps a wand.
The roots erupt in riotous growth!
The grasping roots grab you!
Terence is unaffected.
The grasping roots constrict you.
You hit Terence.
Terence is poisoned.
Terence barely misses you.
The grasping roots constrict you. 😮 HP[-5]
You take 5 damage, and now have 26/40 hp.
You hit Terence but do no damage.
Terence looks as sick as possible!
Terence hits you with a +3 flail of holy wrath!
* * * LOW HITPOINT WARNING * * *
The grasping roots constrict you.
* * * LOW HITPOINT WARNING * * *
😱 HP[-19]
You take 19 damage, and now have 7/40 hp.
MASSIVE DAMAGE!! (PAUSE)
You barely miss Terence. Terence looks scornfully at you.
Terence hits you with a +3 flail of holy wrath.
* * * LOW HITPOINT WARNING * * *
The grasping roots constrict you.
You die...

Skill      XL: |  1  2  3 |
---------------+----------+-----
Transmutations | 3 |  3.6
Poison Magic   | 1 |  1.9
Fighting       | |  1.1
Dodging        | |  1.7
Unarmed Combat | |  3.7
Spellcasting   | |  2.6

Action                   |  1- 3 |  4- 6 || total
-------------------------+-------+-------++-------
Melee: Unarmed           |   109 |    84 ||   193
       Tailslap          |    14 |     7 ||    21
       Headbutt          |    10 |     8 ||    18
       Kick              |    10 |    12 ||    22
       Punch             |     3 |     3 ||     6
 Cast: Beastly Appendage |    22 |    11 ||    33
       Spider Form       |     1 |     2 ||     3
       Wereblood         |       |     2 ||     2
  Use: Scroll            |     2 |     6 ||     8
 Stab: Sleeping          |     2 |     1 ||     3
Armor: Skin              |    28 |    18 ||    46
Dodge: Dodged            |    63 |    63 ||   126

Levels and vault maps discovered:
D:1:      scummos_arrival_hexagon, layout_basic,
          hellmonk_ecumenical_altar_zigzags
D:2:      layout_basic, serial_shops, nicolae_shop_statue_plus,
          minmay_pentomino_q4
D:3:      layout_basic, xom_teletrap_fun, uniq_sigmund, uniq_terence, uniq_robin
D:4:      layout_basic, serial_corexii_hall, corexii_hall_statues_i,
          corexii_hall_statues_l, chequers_hall_statues_corner_a,
          nicolae_shop_gadgets, uniq_grinder

Notes
Turn   | Place    | Note
-------+----------+-------------------------------------------
     0 | D:1      | kae the Draconian Transmuter began the quest for the Orb.
     0 | D:1      | Reached XP level 1. HP: 16/16 MP: 3/3
     0 | D:1      | magus.rc [v1.11.3]
   130 | D:1      | Reached XP level 2. HP: 23/23 MP: 3/5
   338 | D:1      | Found a faded altar of an unknown god.
   370 | D:1      | You pick up a book of Dreams and begin reading...
   370 | D:1      | You add the spells Ensorcelled Hibernation and Anguish to
                  | your library.
   823 | D:2      | Learned a level 2 spell: Wereblood
   909 | D:2      | Reached XP level 3. HP: 28/28 MP: 4/6
   913 | D:2      | Learned a level 3 spell: Spider Form
  1097 | D:2      | Found Dexe's Weapon Emporium.
  1104 | D:2      | Reached skill level 3 in Transmutations
  1175 | D:2      | Reached skill level 1 in Poison Magic
  1361 | D:2      | Reached XP level 4. HP: 35/35 MP: 7/7
  1758 | D:3      | You pick up a book of Callings and begin reading...
  1758 | D:3      | You add the spells Summon Small Mammal, Call Canine
                  | Familiar and Summon Guardian Golem to your library.
  1994 | D:3      | Found a shimmering altar of Xom.
  2128 | D:3      | Noticed Sigmund
  2242 | D:3      | Noticed Robin
  2257 | D:3      | Killed Robin
  3000 | D:3      | Reached XP level 5. HP: 25/40 MP: 7/9
  3121 | D:3      | Noticed Terence
  3130 | D:3      | HP: 7/40 [constriction (6)]
  3131 | D:3      | HP: 2/40 [Terence/+3 flail of holy wrath (5)]
  3131 | D:3      | Constricted to death by Terence

Vanquished Creatures
  Robin (D:3)
  4 adders
  An ufetubus (D:4)
  4 worms (D:2)
  3 dart slugs
  3 orcs (D:3)
  2 endoplasms
  3 giant cockroaches
  13 goblins
  12 hobgoblins
  3 kobolds
  3 quokkas
  4 ball pythons
  4 bats
  3 frilled lizards (D:1)
  7 rats
70 creatures vanquished.

Table legend:
 A = Non-vault XP
 B = Vault XP
 C = Vault XP percentage of total XP
 D = Non-vault monster count
 E = Vault monster count
 F = Vault count percentage of total count
                 A         B        C        D         E       F
            +---------+---------+-------+---------+---------+-------
      Total |     162 |      43 |  21.0 |      55 |      15 |  21.4
            +---------+---------+-------+---------+---------+-------
        D:1 |      35 |       0 |   0.0 |      23 |       0 |   0.0
        D:2 |      65 |       7 |   9.7 |      17 |       2 |  10.5
        D:3 |      54 |      36 |  40.0 |      14 |      13 |  48.1
        D:4 |       8 |       0 |   0.0 |       1 |       0 |   0.0
            +---------+---------+-------+---------+---------+-------

Illustrated notes

Table legend:
 A = Kills in this place as a percentage of kills in entire the game.
 B = Kills by you in this place as a percentage of kills by you in the entire game.
 C = Kills by friends in this place as a percentage of kills by friends in the entire game.
 D = Other kills in this place as a percentage of other kills in the entire game.
 E = Experience gained in this place as a percentage of experience gained in the entire game.
 F = Experience gained in this place divided by the number of levels of this place that you have seen.
                   A       B       C       D       E      F
               +-------+-------+-------+-------+-------+----------------------
         Total | 100.0 | 100.0 |   N/A |   N/A | 100.0 |  51.2
       Dungeon | 100.0 | 100.0 |   N/A |   N/A | 100.0 |  51.2
               +-------+-------+-------+-------+-------+----------------------

Table legend: (Time is in decaauts)
 A = Elapsed time spent in this place.
 B = Non-inter-level travel time spent in this place.
 C = Inter-level travel time spent in this place.
 D = Time resting spent in this place.
 E = Time spent auto-exploring this place.
 F = Levels seen in this place.
 G = Mean time per level.
                   A        B        C        D        E       F      G
               +--------+--------+--------+--------+--------+-----+--------+
         Total |   3117 |   3041 |     76 |    135 |   2404 |   4 |  779.2 |
       Dungeon |   3117 |   3041 |     76 |    135 |   2404 |   4 |  779.2 |
               +--------+--------+--------+--------+--------+-----+--------+

Top non-repeatable levels by time:
     D:3: 1364 daAuts
     D:2: 825 daAuts
     D:1: 813 daAuts
     D:4: 114 daAuts
